 Dungeon Crawl Stone Soup version 0.18.1-48-g4cf74bf (webtiles) character file.

122 Joat the Charlatan (level 4, -3/39 HPs)
             Began as a Deep Dwarf Artificer on Aug 10, 2016.
             Slain by an ogre
             ... wielding a +0 giant club
              (4 damage)
             ... on level 5 of the Dungeon.
             The game lasted 00:24:52 (3453 turns).

Joat the Charlatan (Deep Dwarf Artificer)           Turns: 3453, Time: 00:24:53

Health: -3/39      AC: 13    Str: 15    XL:     4   Next: 78%
Magic:  8/8        EV:  4    Int: 12    God:
Gold:   188        SH:  0    Dex: 14    Spells: 0 memorised, 3 levels left

rFire  + . .     SeeInvis .     H - +1 dagger (drain)
rCold  . . .     Gourm    .     y - +0 plate armour
rNeg   . . .     Faith    .     (no shield)
rPois  .         Spirit   .     G - +0 helmet
rElec  .         Dismiss  .     q - +0 cloak
rCorr  .         Reflect  .     (no gloves)
SustAt .         Harm     .     r - +0 pair of boots
MR     .....                    (no amulet)
Stlth  ..........               (no ring)
                                n - ring of protection from fire

@: non-regenerating, drained, not resistant to hostile enchantments, extremely
unstealthy
A: damage resistance, recharge devices, sense surroundings 1, slow regeneration
3
a: Device Recharging


You were on level 5 of the Dungeon.
You were hungry.

You visited 1 branch of the dungeon, and saw 5 of its levels.

You collected 188 gold pieces.

Inventory:

Hand Weapons
 a - a +0 short sword
 b - a +0 short sword
 H - a +1 dagger of draining (weapon)
Missiles
 s - 2 throwing nets (quivered)
 C - 4 poisoned javelins
Armour
 q - a +0 cloak (worn)
 r - a +0 pair of boots (worn)
 y - a +0 plate armour (worn)
 G - a +0 helmet (worn)
Jewellery
 n - a ring of protection from fire (left hand)
Wands
 c - a wand of flame (0/48)
 d - a wand of enslavement (10/24)
 e - a wand of random effects (6/48)
 f - a wand of heal wounds (7/9)
 E - a wand of disintegration (6/24)
Scrolls
 h - a scroll of amnesia {unknown}
 k - a scroll of fog {unknown}
 l - a scroll of identify
 m - 2 scrolls of recharging
 u - 2 scrolls of teleportation
 w - 3 scrolls of immolation {unknown}
 x - a scroll of random uselessness {unknown}
 z - a scroll of blinking {unknown}
 F - 2 scrolls of remove curse
Potions
 i - a potion of heal wounds
 o - 2 potions of resistance {unknown}
 p - 4 potions of degeneration {unknown}
 t - 2 potions of lignification {unknown}
 A - a potion of invisibility {unknown}
 B - a potion of curing {unknown}
 D - a potion of berserk rage {unknown}
Comestibles
 g - 4 bread rations
 j - 3 meat rations
 v - a beef jerky


   Skills:
 + Level 1.9(1.0) Fighting
 - Level 0.8(0.0) Short Blades
 + Level 1.8(0.9) Armour
 + Level 3.1(2.2) Dodging
 - Level 1.2(0.4) Stealth
 - Level 5.7(4.7) Evocations


You had 3 spell levels left.
You didn't know any spells.

Dungeon Overview and Level Annotations

Branches:
Dungeon (5/15)
 Temple: D:4-7

Altars:
Elyvilon
Fedhas
Kikubaaqudgha
Qazlal
Ru

Annotations:
D:5 Pikel


Innate Abilities, Weirdness & Mutations

You are resistant to damage.
You can recharge devices by infusing magical energy.
You passively map a small area around you.
You do not regenerate naturally.


Message History

The iguana bites you but does no damage.
Found a bubbling clear potion.
You see here a bubbling clear potion.
p - 4 bubbling clear potions (gained 1)
The iguana bites you but does no damage.
Found a stone staircase leading up.
The slave shouts!
Pikel cracks his whip.
You hear the slow rusting of a very distant drain.
There is an open door here.
There is a stone staircase leading up here.
There is an open door here.
A quokka comes into view.
An ogre comes into view. It is wielding a giant club.
The ogre shouts!
Pikel cracks his whip.
The ogre hits you with a giant club!
* * * LOW HITPOINT WARNING * * *
The ogre hits you with a giant club!
You die...

,* #.# #p########
* ,
,.######K.......*
*
,.........#.....
* *
.#####...#.###. *
#..r...# ,
##.....# ,
##l.#####.
#@O....... ,
#..####### * *
*#..# * ,* ...+
,* * , ....# * *,
* * ....# * *
...... ** [.....,
, , * ,


You could see Pikel, an ogre, a slave, an iguana and a quokka.

Vanquished Creatures
  A giant frog skeleton (D:4)
  2 adders (D:3)
  An ooze (D:3)
  2 giant geckos (D:1)
  8 orcs
  10 bats
  7 giant cockroaches
  5 goblins
  5 hobgoblins
  3 jackals (D:1)
  A quokka (D:2)
  7 giant newts
  5 kobolds
  6 rats
63 creatures vanquished.

Vanquished Creatures (others)
  An orc wizard (D:5)
  An iguana (D:5)
2 creatures vanquished.

Grand Total: 65 creatures vanquished

Notes
Turn   | Place    | Note
--------------------------------------------------------------
     0 | D:1      | Joat the Deep Dwarf Artificer began the quest for the Orb.
     0 | D:1      | Reached XP level 1. HP: 16/16 MP: 3/3
   221 | D:1      | Reached XP level 2. HP: 24/24 MP: 5/5
   243 | D:1      | Reached skill level 5 in Evocations
   744 | D:1      | Reached XP level 3. HP: 21/30 MP: 7/7
   883 | D:2      | Found a blossoming altar of Fedhas.
   883 | D:2      | Found an ancient bone altar of Kikubaaqudgha.
  1313 | D:2      | Reached skill level 1 in Fighting
  1566 | D:2      | Found a white marble altar of Elyvilon.
  1709 | D:3      | Found a sacrificial altar of Ru.
  1805 | D:3      | Reached XP level 4. HP: 12/38 MP: 8/8
  1846 | D:3      | Found a stormy altar of Qazlal.
  2020 | D:3      | Reached skill level 1 in Armour
  3171 | D:5      | Entered Level 5 of the Dungeon
  3242 | D:5      | Noticed a slave
  3247 | D:5      | Noticed Pikel
  3248 | D:5      | Noticed a slave
  3252 | D:5      | Noticed a slave
  3259 | D:5      | Noticed a slave
  3449 | D:5      | Noticed an ogre
  3452 | D:5      | HP: 1/39 [ogre/giant club (15)]
  3453 | D:5      | Slain by an ogre

Skill      XL: |  1  2  3  4 |
---------------+-------------+-----
Evocations     | 5 |  5.7
Fighting       | 1 |  1.9
Armour         | 1 |  1.8
Dodging        | 3 |  3.1
Short Blades   | |  0.8
Stealth        | |  1.2

Action                   |  1- 3 |  4- 6 || total
-------------------------+-------+-------++-------
Melee: Short sword       |   197 |   106 ||   303
       Dagger            |       |    13 ||    13
Evoke: Wand              |     7 |    25 ||    32
  Use: Scroll            |     3 |     2 ||     5
  Eat: Chunk             |     3 |     3 ||     6
       Beef jerky        |       |     1 ||     1
Armor: Leather armour    |    15 |       ||    15
       Scale mail        |    44 |    36 ||    80
       Ring mail         |    28 |       ||    28
       Plate armour      |       |    69 ||    69
Dodge: Dodged            |   112 |    60 ||   172
